 Dungeon Crawl Stone Soup version 0.25-a0-696-g42a9e46 (webtiles) character file.

Game seed: 915752400197322346, levelgen mode: deterministic

13 Faels the Cutter (level 2, -2/19 HPs)
             Began as a Kobold Monk on Mar 30, 2020.
             Slain by Jessica
             ... wielding a +0 club
              (6 damage)
             ... on level 2 of the Dungeon.
             The game lasted 00:02:05 (1252 turns).

Faels the Cutter (Kobold Monk)                      Turns: 1252, Time: 00:02:05

Health: -2/19      AC:  2    Str:  8    XL:     2   Next: 50%
Magic:  2/2        EV: 16    Int: 11    God:
Gold:   46         SH:  0    Dex: 17    Spells: 1/1 levels left

rFire    . . .     SeeInvis .   a - +0 short sword
rCold    . . .     Gourm    .   (shield restricted)
rNeg     . . .     Faith    .   b - +0 robe
rPois    .         Spirit   .   (no helmet)
rElec    .         Reflect  .   (no cloak)
rCorr    .         Harm     .   (no gloves)
MR       .....                  (no boots)
Stlth    ++........             (no amulet)
HPRegen  0.06/turn              (no ring)
MPRegen  0.08/turn              (no ring)

@: no status effects
A: small, carnivore
a: no special abilities


You were on level 2 of the Dungeon.
You were very full.

You visited 1 branch of the dungeon, and saw 2 of its levels.

You collected 46 gold pieces.

Inventory:

Hand Weapons
 a - a +0 short sword (weapon)
Armour
 b - a +0 robe (worn)
Scrolls
 d - a scroll of immolation {unknown}
 e - 3 scrolls of identify {unknown}
 f - 2 scrolls of remove curse {unknown}
 g - 3 scrolls of noise {unknown}
 i - a scroll of teleportation {unknown}
Comestibles
 c - a ration


   Skills:
 + Level 3.5 Fighting
 + Level 4.2 Short Blades
 + Level 3.8 Dodging
 + Level 3.1 Stealth


You had one spell level left.
You didn't know any spells.
Your spell library was empty.

Dungeon Overview and Level Annotations

Branches:
Dungeon (2/15)

Altars:

Annotations:
D:2 Jessica


Innate Abilities, Weirdness & Mutations

You are small and have problems with some larger weapons.
You are carnivorous and can eat meat at any time.


Message History

Jessica seems to speed up.
You hear a shout!
A kobold comes into view. It is wielding a +0 club.
You hit Jessica.
Jessica is lightly wounded.
Jessica misses you.
You hit Jessica.
Jessica is heavily wounded.
Jessica hits you but does no damage.
You closely miss Jessica.
Jessica is heavily wounded.
Jessica hits you with a +0 club. Jessica hits you but does no damage.
You hit Jessica.
Jessica is heavily wounded.
Jessica hits you with a +0 club!
* * * LOW HITPOINT WARNING * * *
You barely miss Jessica.
Jessica is heavily wounded.
Jessica hits you with a +0 club.
You die...

#####+##
.#......# ...
........##..
##.......#...
#... ....#..
#...###..#K.
#..รท..<#.#
#......#@#
#......#@#
#......#.#
#.#....#.#
#.#....#.#
#......#.#######
####..##........
##>....######
#####.# ##


You could see Jessica and a kobold.

Vanquished Creatures
  A dart slug (D:1)
  A bat (D:1)
  A giant cockroach (D:1)
  5 kobolds
  A goblin (D:1)
  2 rats
11 creatures vanquished.

Notes
Turn   | Place    | Note
-------+----------+-------------------------------------------
     0 | D:1      | Faels the Kobold Monk began the quest for the Orb.
     0 | D:1      | Reached XP level 1. HP: 14/14 MP: 1/1
   420 | D:1      | Reached XP level 2. HP: 13/19 MP: 2/2
  1241 | D:2      | Noticed Jessica
  1252 | D:2      | Slain by Jessica

Levels and vault maps discovered:
D:1:      shiori_arrival_elements, layout_loops_ring, serial_bayou_pond_a
D:2:      kennysheep_the_goblin_king, layout_basic,
          ashenzari_conservatory_becter, uniq_natasha, uniq_sigmund,
          uniq_jessica, uniq_crazy_yiuf_cottage

Skill      XL: |  1 |
---------------+----+-----
Stealth        | 3 |  3.1
Fighting       | |  3.5
Short Blades   | |  4.2
Dodging        | |  3.8

Action                   || total
-------------------------++-------
Melee: Short sword       ||    42
 Stab: Sleeping          ||     1
  Eat: Chunk             ||     7
Armor: Robe              ||     3
Dodge: Dodged            ||    22

Table legend:
 A = Non-vault XP
 B = Vault XP
 C = Vault XP percentage of total XP
 D = Non-vault monster count
 E = Vault monster count
 F = Vault count percentage of total count
                 A         B        C        D         E       F
            +---------+---------+-------+---------+---------+-------
      Total |      19 |       0 |   0.0 |      11 |       0 |   0.0
            +---------+---------+-------+---------+---------+-------
        D:1 |      16 |       0 |   0.0 |       9 |       0 |   0.0
        D:2 |       3 |       0 |   0.0 |       2 |       0 |   0.0
            +---------+---------+-------+---------+---------+-------
